 Dungeon Crawl Stone Soup version 0.29.1-2-gbd0b4ee654 (webtiles) character file.

Game seed: 5702969740723745615

179 zeram the Chopper (level 5, -5/47 HPs)
             Began as a Hill Orc Fighter on Nov 27, 2022.
             Slain by a small abomination (18 damage)
             ... on level 3 of the Dungeon.
             The game lasted 00:03:17 (2310 turns).

zeram the Chopper (Hill Orc Fighter)                Turns: 2310, Time: 00:03:18

Health: -5/47      AC:  9    Str: 21    XL:     5   Next: 59%
Magic:  5/5        EV:  9    Int:  8    God:
Gold:   120        SH:  5    Dex: 10    Spells: 4/4 levels left

rFire   . . .      SeeInvis .   a - +2 war axe
rCold   . . .      Faith    .   c - +1 buckler
rNeg    . . .      Spirit   .   b - +0 scale mail
rPois   .          Reflect  .   i - +2 hat {Will+}
rElec   .          Harm     .   (no cloak)
rCorr   .          Rampage  .   (no gloves)
Will    +....                   (no boots)
Stlth   ..........              (no amulet)
HPRegen 0.15/turn               (no ring)
MPRegen 0.09/turn               (no ring)

@: mighty
A: no striking features
a: no special abilities


You were on level 3 of the Dungeon.
You visited 1 branch of the dungeon, and saw 3 of its levels.

You collected 120 gold pieces.

Inventory:

Hand Weapons
 a - a +2 war axe (weapon)
Armour
 b - a +0 scale mail (worn)
 c - a +1 buckler (worn)
 i - a +2 hat of willpower (worn)
Jewellery
 e - a ring of ice
Scrolls
 g - a scroll of identify
 h - a scroll of noise {unknown}
 k - 3 scrolls of vulnerability
 l - 2 scrolls of amnesia {unknown}
 p - a scroll of teleportation {unknown}
 r - a scroll of fog {unknown}
Potions
 f - a potion of curing
 m - a potion of ambrosia {unknown}
 n - 2 potions of heal wounds {unknown}
 o - a potion of lignification {unknown}
 q - a potion of attraction {unknown}


   Skills:
 + Level 4.4 Fighting
 + Level 5.4 Axes
 + Level 4.0 Armour
 + Level 0.5 Dodging
 + Level 4.0 Shields


You had 4 spell levels left.
You didn't know any spells.
Your spell library contained the following spells:

 Spells                   Type           Power      Damage    Failure   Level
 Ensorcelled Hibernation  Hex/Ice        0%         N/A       92%         2
 Spider Form              Tmut/Pois      0%         N/A       99%         3
 Anguish                  Hex/Necr       0%         N/A       100%        4


Dungeon Overview and Level Annotations

Branches:
Dungeon (3/15)

Altars:

Annotations:
D:3 FizzleBangTC's ghost, amateur MeEE


Message History

A small abomination comes into view.
The quasit gives a chilling moan.
Found a book of Displacement.
You feel very mighty all of a sudden.
You block FizzleBangTC's ghost's attack.
You closely miss FizzleBangTC's ghost. FizzleBangTC's ghost barely misses you.
Unknown command.
You slash FizzleBangTC's ghost!
FizzleBangTC's ghost is moderately damaged.
You block FizzleBangTC's ghost's attack. x2
Unknown command.
You slash FizzleBangTC's ghost!
FizzleBangTC's ghost is severely damaged.
You closely miss the small abomination.
You block the small abomination's attack.
FizzleBangTC's ghost points at you and mumbles some strange words.
The stone arrow hits you!!
Ouch! That really hurt!
The small abomination hits you!
* * * LOW HITPOINT WARNING * * *
As you read the scroll of summoning, it crumbles to dust.
Wisps of shadow whirl around you... FizzleBangTC's ghost barely misses you.
The small abomination hits you.
* * * LOW HITPOINT WARNING * * *
You feel better.
The small abomination closely misses you.
FizzleBangTC's ghost hits you.
* * * LOW HITPOINT WARNING * * *
FizzleBangTC's ghost freezes you.
* * * LOW HITPOINT WARNING * * *
Your rat bites the quasit but does no damage.
You closely miss FizzleBangTC's ghost.
FizzleBangTC's ghost is severely damaged.
You barely miss the small abomination.
You block the small abomination's attack.
FizzleBangTC's ghost casts a spell at you.
You block the stone arrow.
Your rat bites the small abomination but does no damage.
The small abomination hits you!!
You die...

..##.^.### ###.#
..##...#.##....#
...##.##.©#?# .
....###..##...#..
.. .........#
#.#.. ..
........### #.#
..
....#####....#r#
.##.. ...##
#.gx##...... ...#
#@#..# ...#
#W##..# .... ##
.# ... #


You could see a small abomination, FizzleBangTC's ghost (ally target), a gnoll
and a friendly rat (summoned).

Vanquished Creatures
  An orc priest (D:2)
  3 orc wizards
  An adder (D:2)
  2 dart slugs (D:1)
  6 orcs
  4 ball pythons
  6 endoplasms
  2 giant cockroaches (D:2)
  4 goblins
  3 hobgoblins
  5 kobolds
  2 quokkas (D:1)
  6 bats
  11 frilled lizards
  4 rats
60 creatures vanquished.

Notes
Turn   | Place    | Note
-------+----------+-------------------------------------------
     0 | D:1      | zeram the Hill Orc Fighter began the quest for the Orb.
     0 | D:1      | Reached XP level 1. HP: 19/19 MP: 1/1
    26 | D:1      | Reached XP level 2. HP: 3/27 MP: 2/2
   354 | D:1      | Found a faded altar of an unknown god.
   370 | D:1      | Reached skill level 3 in Axes
   406 | D:1      | Reached XP level 3. HP: 33/33 MP: 3/3
  1418 | D:2      | Reached XP level 4. HP: 40/40 MP: 4/4
  1657 | D:2      | Reached skill level 4 in Axes
  1665 | D:2      | Reached XP level 5. HP: 42/46 MP: 5/5
  1675 | D:2      | Reached skill level 5 in Axes
  2295 | D:3      | Found a transporter.
  2303 | D:3      | Noticed FizzleBangTC's ghost (amateur MeEE)
  2303 | D:3      | Noticed a small abomination
  2310 | D:3      | Slain by a small abomination

Illustrated notes

Levels and vault maps discovered:
D:1:      ebering_trefoil_3fold, layout_basic,
          hellmonk_ecumenical_altar_lost_god, grunt_decor_arrowhead,
          minmay_lizard_pond
D:2:      layout_basic, wander_ebering_terrifying_dragon_lair
D:3:      layout_loops_ring, gammafunk_ghost_abyssal_escape, moated_statue

Skill      XL: |  1  2  3  4  5 |
---------------+----------------+-----
Fighting       | 4 |  4.4
Axes           | 3 4 5 |  5.4
Armour         | 4 |  4.0
Shields        | 4 |  4.0
Dodging        | |  0.5

Action                   |  1- 3 |  4- 6 || total
-------------------------+-------+-------++-------
Melee: War axe           |    93 |    43 ||   136
  Use: Scroll            |     6 |     1 ||     7
       Potion            |       |     3 ||     3
Armor: Scale mail        |    57 |    22 ||    79
Dodge: Dodged            |    54 |    13 ||    67
Block: Buckler           |    28 |    15 ||    43
